 Dungeon Crawl Stone Soup version 0.23-a0-643-g9ccc95a (webtiles) character file.

515 galech the Chopper (level 7, 54/54 HPs)
             Began as a Demonspawn Fighter on Dec 31, 2018.
             Quit the game on level 4 of the Dungeon.
             The game lasted 00:05:35 (3597 turns).

galech the Chopper (Demonspawn Fighter)             Turns: 3597, Time: 00:05:36

Health: 54/54      AC:  8    Str: 16    XL:     7   Next: 0%
Magic:  7/7        EV:  9    Int:  9    God:
Gold:   219        SH:  9    Dex: 17    Spells: 6/6 levels left

rFire    . . .     SeeInvis .   a - +0 war axe
rCold    + . .     Gourm    .   c - +0 shield
rNeg     . . .     Faith    .   h - +1 ring mail {rC+}
rPois    .         Spirit   +   (helmet restricted)
rElec    .         Reflect  .   (no cloak)
rCorr    .         Harm     .   q - +0 pair of gloves
MR       .....                  (no boots)
Stlth    +++.......             (no amulet)
HPRegen  0.18/turn              o - ring of flight
MPRegen  0.10/turn              m - +2 ring of dexterity

@: no status effects
A: horns 1, talons 1, nightstalker 2, magic shield
a: Evoke Flight


You were on level 4 of the Dungeon.
You were not hungry.

You visited 1 branch of the dungeon, and saw 4 of its levels.

You collected 219 gold pieces.

Inventory:

Hand Weapons
 a - a +0 war axe (weapon)
Armour
 c - a +0 shield (worn)
 h - a +1 ring mail of cold resistance (worn)
 q - a +0 pair of gloves (worn)
 x - a +0 helmet
Jewellery
 m - a +2 ring of dexterity (right hand)
 o - a ring of flight (left hand)
Scrolls
 i - a scroll of enchant weapon
 j - a scroll of identify
 l - a scroll of amnesia
 r - a scroll of random uselessness
 s - 3 scrolls of fog
 u - 3 scrolls of remove curse
 v - 2 scrolls of immolation {unknown}
 w - a scroll of teleportation {unknown}
 y - a scroll of magic mapping {unknown}
Potions
 b - 3 potions of mutation
 d - a potion of might
 e - a potion of cancellation
 g - a potion of curing {unknown}
 k - 2 potions of degeneration {unknown}
 p - a potion of brilliance {unknown}
 t - a potion of lignification {unknown}
Comestibles
 f - 12 rations


   Skills:
 + Level 4.0 Fighting
 + Level 4.6 Axes
 + Level 3.8 Armour
 + Level 1.4 Dodging
 + Level 1.1 Stealth
 + Level 3.7 Shields


You had 6 spell levels left.
You didn't know any spells.
Your spell library contained the following spells:

 Spells                   Type           Power        Failure   Level  Hunger
 Corona                   Hex            #......      97%         1    ##.....
 Ensorcelled Hibernation  Hex/Ice        #.....       99%         2    ###....
 Confuse                  Hex            #.......     100%        3    ####...
 Dazzling Spray           Conj/Hex       #.....       100%        3    ####...
 Tukima's Dance           Hex            #.......     100%        3    ####...


Dungeon Overview and Level Annotations

Branches:
Dungeon (4/15)
 Temple: D:4-7

Altars:
Cheibriados
Ru
Yredelemnul


Innate Abilities, Weirdness & Mutations

You have a pair of small horns on your head.
You have sharp toenails.
You are significantly more attuned to the shadows.
When hurt, damage is shared between your health and your magic reserves.


Message History

The scorpion is severely wounded.
The scorpion stings you but does no damage.
All of the chunks of flesh in your inventory have rotted away.
Your shield prevents you from hitting the scorpion.
Your kick misses the scorpion.
The scorpion is severely wounded.
The scorpion closely misses you.
The scorpion stings you but does no damage.
You slash the scorpion!
You kill the scorpion!
You have reached level 7!
Your demonic ancestry asserts itself...
A pair of horns grows on your head!
Your +0 helmet falls away!
You now have 202 gold pieces (gained 17).
You now have 219 gold pieces (gained 17).
u - 3 scrolls of remove curse (gained 1)
A giant cockroach comes into view.
Found 22 arrows and a scroll of identify.
Are you sure you want to abandon this character and quit the game? (Confirm

#.# #.### #.#.....###.....#
#.###.#####.#.####...#....#
####............#..........###
......<..#######.#####.###.#
#.######.# #.# ###.###.# #.#
#.# #####.###.......# #.# #.#
........#.#.##### ..# ..
.####.#.#.#†# ..######
#@#........ ......>.
(...........### ..######
#.#.#...##### ..# #.#...# ###
. ..... # .. .?s.## ## .# .#


You could see a giant cockroach (sleeping).

Vanquished Creatures
  Edmund (D:4)
  A phantom (D:3)
  A scorpion (D:4)
  A crimson imp (D:2)
  A centaur skeleton (D:4)
  An orc wizard (D:4)
  Robin (D:4)
  2 adders
  2 oozes
  2 worms (D:3)
  4 dart slugs
  5 leopard geckos
  10 orcs
  3 giant cockroaches (D:1)
  18 goblins
  9 hobgoblins
  9 jackals
  3 quokkas
  2 ball pythons
  5 bats
  10 frilled lizards
  A jackal skeleton (D:4)
  5 kobolds
  4 rats
  16 plants (D:2)
117 creatures vanquished.

Notes
Turn   | Place    | Note
-------+----------+-------------------------------------------
     0 | D:1      | galech the Demonspawn Fighter began the quest for the Orb.
     0 | D:1      | Reached XP level 1. HP: 18/18 MP: 1/1
   148 | D:1      | Gained mutation: When hurt, damage is shared between your
                  | health and your magic reserves. [demonic ancestry]
   148 | D:1      | Reached XP level 2. HP: 20/24 MP: 2/2
   695 | D:1      | Gained mutation: You are slightly more attuned to the
                  | shadows. [demonic ancestry]
   695 | D:1      | Reached XP level 3. HP: 26/29 MP: 3/3
  1196 | D:2      | Found a basalt altar of Yredelemnul.
  1196 | D:2      | Found a snail-covered altar of Cheibriados.
  1399 | D:2      | Gained mutation: You are significantly more attuned to the
                  | shadows. [demonic ancestry]
  1399 | D:2      | Reached XP level 4. HP: 32/35 MP: 4/4
  2310 | D:3      | Found a sacrificial altar of Ru.
  2425 | D:3      | Gained mutation: You have sharp toenails. [demonic
                  | ancestry]
  2425 | D:3      | Reached XP level 5. HP: 36/41 MP: 5/5
  3190 | D:4      | Noticed a phantom
  3213 | D:4      | Noticed Robin
  3224 | D:3      | Killed a phantom
  3224 | D:3      | Reached skill level 1 in Dodging
  3323 | D:4      | Reached XP level 6. HP: 48/48 MP: 6/6
  3329 | D:4      | Killed Robin
  3329 | D:4      | Reached skill level 1 in Stealth
  3333 | D:4      | Noticed Edmund
  3358 | D:4      | Killed Edmund
  3565 | D:4      | Gained mutation: You have a pair of small horns on your
                  | head. [demonic ancestry]
  3565 | D:4      | Reached XP level 7. HP: 54/54 MP: 7/7
  3597 | D:4      | Quit the game

Vault maps used:
D:1:      dpeg_arrival_tiny_e, minmay_cut_off
D:2:      gammafunk_temple_overflow_pools, first_ration, wad_woods_river_04
D:3:      nicolae_ru_awakened_eye, minmay_fractal_squares_5
D:4:      uniq_robin, uniq_edmund

Skill      XL: |  1  2  3  4  5  6 |
---------------+-------------------+-----
Shields        | 3 |  3.7
Axes           | 2 3 4 |  4.6
Armour         | 3 |  3.8
Dodging        | 1 |  1.4
Stealth        | 1 |  1.1
Fighting       | 4 |  4.0

Action                   |  1- 3 |  4- 6 |  7- 9 || total
-------------------------+-------+-------+-------++-------
Melee: War axe           |   112 |   452 |       ||   564
       Kick              |       |    23 |       ||    23
  Use: Scroll            |     5 |     4 |       ||     9
       Potion            |     1 |       |       ||     1
 Stab: Sleeping          |     2 |    10 |       ||    12
  Eat: Chunk             |     2 |     5 |       ||     7
       Ration            |       |     1 |       ||     1
Armor: Scale mail        |     5 |       |       ||     5
       Ring mail         |    45 |    59 |       ||   104
       Skin              |       |     9 |       ||     9
Dodge: Dodged            |    43 |    52 |       ||    95
Block: Shield            |    67 |    74 |       ||   141

Table legend:
 A = Non-vault XP
 B = Vault XP
 C = Vault XP percentage of total XP
 D = Non-vault monster count
 E = Vault monster count
 F = Vault count percentage of total count
                 A         B        C        D         E       F
            +---------+---------+-------+---------+---------+-------
      Total |     500 |     236 |  32.1 |      76 |      25 |  24.8
            +---------+---------+-------+---------+---------+-------
        D:1 |      39 |       8 |  17.0 |      21 |       5 |  19.2
        D:2 |     104 |       0 |   0.0 |      21 |       0 |   0.0
        D:3 |     196 |      25 |  11.3 |      26 |       9 |  25.7
        D:4 |     161 |     203 |  55.8 |       8 |      11 |  57.9
            +---------+---------+-------+---------+---------+-------
